AoeStats
← Gesius

Coastal Forest

510806926Analyzed
4v4 RM · 20h ago on Oct 2, 2026· 49m 4s· 8 players
Game mode
Random Map
Map size
Large (8 player)
Population
200
Speed
Normal
Resources
Standard
Victory
Conquest
Starting age
Dark Age
Ending age
Imperial Age
RankedLock teamsTeams togetherTeam positionsShared explorationLock speedFull tech treeHidden civsTurbo modeCheats
Victory
Defeat
🇩🇪 Burgundians · Germany
1521
+14
🇬🇧 Bengalis · United Kingdom
1506
+14
🇨🇳 Georgians · China
1500
+14
🇪🇪 Tatars · Estonia
1494
+15
🇷🇴 Aztecs · Romania
1539
-17
🇳🇱 Jurchens · Netherlands
1521
-16
🇺🇸 Spanish · United States
1451
-14
🇩🇪 Dravidians · Germany
1350
-10
TsuksEST
7:42 Loom
9:57 Feudal Age
11:35 Double-Bit Axe
14:11 Horse Collar
16:59 Fletching
23:11 Castle Age
23:56 Bloodlines
23:49 Bodkin Arrow
26:06 Padded Archer Armor
26:53 Wheelbarrow
27:23 Husbandry
28:40 Leather Archer Armor
29:23 Ballistics
31:20 Hand Cart
42:14 Imperial Age
42:59 Bracer
44:02 Chemistry
45:28 Silk Armor
45:49 Conscription
46:02 Ring Archer Armor
46:02 Heavy Cavalry Archer
GoodMan
6:31 Loom
8:43 Feudal Age
10:33 Horse Collar
11:42 Double-Bit Axe
15:38 Scale Barding Armor
17:21 Bloodlines
18:06 Forging
19:53 Gold Mining
22:58 Castle Age
23:42 Husbandry
24:03 Chain Barding Armor
24:01 Bow Saw
24:02 Heavy Plow
24:38 Gold Shaft Mining
24:43 Wheelbarrow
28:28 Stone Mining
30:21 Hand Cart
38:01 Imperial Age
35:16 Town Watch
35:45 Masonry
35:56 Ballistics
35:27 Fletching
37:55 Iron Casting
37:41 Bodkin Arrow
40:00 Plate Barding Armor
40:28 Blast Furnace
39:51 Conscription
39:37 Paiks
39:49 Elite Battle Elephant
41:29 Bracer
42:32 Chemistry
45:29 Mahayana
46:01 Architecture
46:05 Murder Holes
46:15 Siege Engineers
46:43 Crop Rotation
47:20 Two-Man Saw
47:37 Town Patrol
MadEvilTimes
10:26 Feudal Age
10:50 Horse Collar
10:58 Double-Bit Axe
11:29 Loom
17:35 Wheelbarrow
21:11 Castle Age
19:51 Forging
19:53 Scale Barding Armor
20:15 Heavy Plow
20:31 Bow Saw
20:43 Forging
21:13 Cavalier
22:19 Chain Barding Armor
22:29 Husbandry
23:09 Gold Mining
36:01 Imperial Age
34:58 Gold Shaft Mining
35:45 Iron Casting
36:07 Paladin
37:24 Plate Barding Armor
41:43 Blast Furnace
42:30 Caravan
42:16 Light Cavalry
44:19 Hussar
46:44 Hand Cart
47:40 Town Watch
_KKK
7:10 Loom
9:38 Feudal Age
10:08 Double-Bit Axe
16:09 Scale Barding Armor
22:44 Castle Age
27:13 Chain Barding Armor
27:04 Bloodlines
26:55 Husbandry
28:07 Forging
29:43 Bow Saw
29:24 Gold Mining
29:26 Fishing Lines
31:44 Wheelbarrow
30:56 Town Watch
32:44 Iron Casting
36:22 Imperial Age
34:15 Hand Cart
33:53 Fletching
38:20 Conscription
37:58 Elite Monaspa
40:03 Plate Barding Armor
41:54 Blast Furnace
41:31 Aznauri Cavalry
48:35 Horse Collar
48:47 Stone Mining
48:55 Bodkin Arrow
[RAT] Havik_AoE
6:32 Loom
7:06 Loom
9:15 Feudal Age
10:04 Double-Bit Axe
12:39 Horse Collar
16:06 Wheelbarrow
21:52 Castle Age
20:20 Scale Barding Armor
22:45 Husbandry
26:11 Chain Barding Armor
28:05 Bow Saw
28:57 Forging
29:31 Bloodlines
35:24 Imperial Age
33:56 Iron Casting
35:31 Hand Cart
35:02 Town Watch
37:08 Plate Barding Armor
37:42 Elite Steppe Lancer
40:17 Blast Furnace
42:12 Light Cavalry
43:39 Scale Mail Armor
43:41 Squires
43:04 Pikeman
45:25 Caravan
45:37 Masonry
45:08 Treadmill Crane
46:02 Conscription
46:30 Guilds
47:37 Halberdier
Kiliethink
7:13 Loom
12:27 Feudal Age
16:38 Castle Age
15:19 Double-Bit Axe
15:28 Gold Mining
15:55 Horse Collar
17:15 Fletching
20:35 Bow Saw
22:42 Bodkin Arrow
25:34 Padded Archer Armor
32:33 Ballistics
39:33 Imperial Age
37:54 Thumb Ring
38:07 Leather Archer Armor
39:37 Elite Elephant Archer
40:21 Bracer
42:54 Chemistry
42:56 Town Watch
43:49 Wheelbarrow
43:50 Ring Archer Armor
45:26 Guilds
49:28 Hand Cart
[RAT] G0rm
11:16 Feudal Age
15:34 Castle Age
14:11 Double-Bit Axe
14:07 Horse Collar
17:11 Forging
21:13 Bow Saw
22:12 Fletching
24:48 Wheelbarrow
25:37 Gold Mining
25:40 Stone Mining
26:32 Heavy Plow
27:07 Eagle Warrior
30:31 Imperial Age
28:29 Scale Mail Armor
29:05 Iron Casting
28:24 Treadmill Crane
28:37 Gambesons
28:52 Squires
28:37 Arson
29:53 Chain Mail Armor
32:00 Stone Shaft Mining
32:03 Gold Shaft Mining
31:47 Hand Cart
30:58 Elite Eagle Warrior
32:30 Plate Mail Armor
32:01 Loom
33:58 Blast Furnace
35:43 Pikeman
41:43 Caravan
Gesius
3:49 Loom
5:34 Loom
8:57 Feudal Age
12:38 Fletching
24:22 Castle Age
23:18 Padded Archer Armor
23:54 Double-Bit Axe
25:05 Bodkin Arrow
27:54 Husbandry
28:11 Leather Archer Armor
28:38 Bloodlines
31:23 Gold Mining
31:48 Bow Saw
32:55 Ballistics
32:18 Horse Collar
41:28 Imperial Age
41:59 Thumb Ring
42:43 Bracer
44:31 Chemistry
45:22 Ring Archer Armor
46:35 Heavy Mounted Crossbowman
Connection lost

Rejoining the realm…

Still unreachable

The connection could not be restored.

Session expired

The server has moved on; the page needs a fresh start.